 Dungeon Crawl Stone Soup version 0.28-a0-724-g66f9036eb4 (webtiles) character file.

Game seed: 5799677827759504937

6408 1994 the Fighter (level 10, -4/107 HPs)
             Began as an Ogre Transmuter on Oct 27, 2021.
             Was a Believer of Ru.
             Slain by a vampire mosquito (5 damage)
             ... on level 13 of the Dungeon.
             The game lasted 00:32:04 (13619 turns).

1994 the Fighter (Ogre Transmuter)                 Turns: 13619, Time: 00:32:05

Health: -4/107     AC:  6    Str: 16    XL:     10   Next: 98%
Magic:  19/27      EV: 10    Int: 17    God:    Ru [**....]
Gold:   155        SH:  5    Dex:  9    Spells: 3/20 levels left

rFire   . . .      SeeInvis .     - Unarmed
rCold   . . .      Faith    .   (shield currently unavailable)
rNeg    + . .      Spirit   .   a - +2 robe {rN+}
rPois   .          Reflect  +   (helmet restricted)
rElec   .          Harm     .   F - +0 cloak {Will+}
rCorr   .          Rampage  .   (gloves unavailable)
Will    +++..                   (boots unavailable)
Stlth   +.........              I - amulet of reflection
HPRegen 0.27/turn               l - ring of magical power
MPRegen 0.20/turn               x - ring of willpower

@: blade hands, wereblooded, very slightly contaminated, unable to read
A: large, unfitting armour, tough skin 1, inability to read while threatened,
disrupted magic 1
a: End Transformation, Renounce Religion


You were on level 13 of the Dungeon.
You worshipped Ru.
Ru was pleased with you.
You had blades for hands.
You visited 2 branches of the dungeon, and saw 12 of its levels.
You also visited: Ossuary.

You collected 755 gold pieces.
You spent 600 gold pieces at shops.

Inventory:

Hand Weapons
 A - a +1 whip of venom
Missiles
 h - 2 boomerangs of dispersal
 k - 7 boomerangs (quivered)
 v - 343 stones
 C - 3 throwing nets
Armour
 a - a +2 robe of positive energy (worn)
 D - +0 swamp dragon scales
 F - a +0 cloak of willpower (worn)
Magical Staves
 b - a staff of poison
Jewellery
 l - a ring of magical power (left blade hand)
 x - a ring of willpower (right blade hand)
 y - a ring of flight
 z - a ring of resist corrosion
 H - a ring of protection from cold
 I - an amulet of reflection (around neck)
Wands
 f - a wand of charming (9)
 r - a wand of mindburst (10)
 B - a wand of polymorph (14)
 E - a wand of flame (21)
Scrolls
 i - a scroll of torment
 n - a scroll of fear
 s - a scroll of enchant weapon
 t - 3 scrolls of teleportation
 u - 2 scrolls of magic mapping
Potions
 c - a potion of flight
 d - 2 potions of mutation
 e - a potion of magic
 g - 2 potions of might
 j - 6 potions of curing
 m - 2 potions of attraction
 o - 2 potions of cancellation
 p - a potion of berserk rage {unknown}
 q - a potion of heal wounds
 w - 2 potions of ambrosia {unknown}


   Skills:
 * Level 9.3 Fighting
 + Level 4.9 Throwing
 - Level 4.0 Dodging
 * Level 7.0 Unarmed Combat
 + Level 5.9 Spellcasting
 * Level 6.6 Transmutations
 - Level 5.0 Ice Magic
 - Level 2.0 Earth Magic
 - Level 3.0 Poison Magic


You had 3 spell levels left.
You knew the following spells:

 Your Spells              Type           Power      Damage    Failure   Level
a - Beastly Appendage     Tmut           54%        N/A       21%         1
b - Wereblood             Tmut           27%        N/A       24%         2
c - Spider Form           Tmut/Pois      10%        N/A       43%         3
d - Ice Form              Ice/Tmut       24%        N/A       58%         4
e - Passwall              Tmut/Erth      15%        N/A       34%         2
f - Blade Hands           Tmut           13%        N/A       75%         5

Your spell library contained the following spells:

 Spells                   Type           Power      Damage    Failure   Level
 Ignite Poison            Fire/Tmut/Pois 15%        N/A       56%         3
 Mephitic Cloud           Conj/Pois/Air  8%         N/A       77%         3
 Call Canine Familiar     Summ           5%         N/A       85%         3
 Portal Projectile        Hex/Tloc       10%        N/A       85%         3
 Swiftness                Air            5%         N/A       85%         3
 Leda's Liquefaction      Hex/Erth       4%         N/A       96%         4
 Irradiate                Conj/Tmut      8%         3d16      97%         5
 Freezing Cloud           Conj/Ice/Air   5%         6-21      99%         5
 Invisibility             Hex            2%         N/A       100%        6
 Dragon Form              Tmut           13%        N/A       100%        7


Dungeon Overview and Level Annotations

Branches:
Dungeon (10/15)            Temple (1/1) D:5            Lair (0/6) D:8
    Orc (0/2) D:9         Ossuary (visited)

Altars:
Ashenzari
Cheibriados
Dithmenos
Elyvilon
Fedhas
Gozag
Hepliaklqana
Kikubaaqudgha
Makhleb
Nemelex Xobeh
Okawaru
Qazlal
Ru
Sif Muna
Trog
Uskayaw
Vehumet
Wu Jian
Xom
Yredelemnul
Zin
The Shining One

Shops:
D:7 :

Annotations:
D:7 exclusion: 4 doors


Innate Abilities, Weirdness & Mutations

You have blades for hands.
Your spellcasting is less reliable in this form.
You are incapable of wielding weapons or throwing items.
You are too large for most types of armour.
You have tough skin. (AC +1)
You sometimes lose the ability to read scrolls when taking damage.
Your casting is slightly disrupted.


Message History

The vampire mosquito draws strength from your injuries!
Unknown command.
Unknown command.
Casting: Blade Hands (quite dangerous; 75% risk of failure)
Confirm with . or Enter, or press ? or * to list all spells.
You miscast Wereblood.
You are very lightly contaminated with residual magic.
Nothing appears to happen.
The vampire mosquito barely misses you.
The vampire mosquito bites you but does no damage.
The vampire mosquito closely misses you.
Unknown command.
Unknown command.
Casting: Wereblood (mildly dangerous; 24% risk of failure)
Confirm with . or Enter, or press ? or * to list all spells.
Your blood is infused with primal strength.
The vampire mosquito bites you but does no damage.
The vampire mosquito bites you.
* * * LOW HITPOINT WARNING * * *
The vampire mosquito draws strength from your injuries!
The vampire mosquito barely misses you.
Two slime creatures merge to form a large slime creature.
Unknown command.
Unknown command.
You slice the large slime creature!!
The large slime creature is heavily wounded.
The vampire mosquito bites you but does no damage.
The large slime creature barely misses you.
The vampire mosquito bites you.
* * * LOW HITPOINT WARNING * * *
Unknown command.
Unknown command.
You slice the large slime creature!!
The large slime creature is severely wounded.
The cyclops stops glowing.
The vampire mosquito bites you!
* * * LOW HITPOINT WARNING * * *
The vampire mosquito draws strength from your injuries!
You block the large slime creature's attack.
Two slime creatures merge to form a very large slime creature.
The vampire mosquito bites you.
You die...

..........##......
..................
.......#..........
..................
..........C.......
#................
###..y...?......
###.###y..........
#@Jy.#............
#y##..C...........#
..y...............<.
#....................
###.....#...........
#####.##.#.......
####.#...##. #.....
.. ..


You could see a very large slime creature, a cyclops and 3 vampire mosquitoes.

Vanquished Creatures
  Harold (D:7)
  Pikel (D:9)
  An elephant (D:8)
  Psyche (D:8)
  Maggie (D:7)
  A troll (D:9)
  Prince Ribbit (D:8)
  A shadow (D:9)
  A wyvern (D:7)
  A basilisk (D:8)
  Grum (D:8)
  Duvessa (D:7)
  3 orc warriors
  A sky beast (D:7)
  2 black bears
  3 necrophages
  2 wolves (D:9)
  3 ogres
  2 centaurs (D:9)
  A lemure (D:9)
  3 phantoms
  2 elf zombies (Ossuary)
  A bullfrog (D:6)
  2 scorpions
  Dowan (D:7)
  A water moccasin zombie (D:5)
  5 killer bees (D:9)
  3 jellies
  4 howler monkeys
  4 centaur zombies
  2 bullfrog zombies (D:5)
  A hound (D:7)
  2 human zombies (Ossuary)
  Crazy Yiuf (D:7)
  3 orc priests
  2 iguanas (D:5)
  6 orc wizards
  A scorpion zombie (D:5)
  2 mummies (Ossuary)
  A howler monkey zombie (D:8)
  5 adders
  2 shadow imps
  2 white imps
  An ufetubus (D:3)
  A worm (D:2)
  A dart slug (D:1)
  22 orcs
  6 ball pythons
  9 bats
  4 endoplasms
  9 goblins
  11 hobgoblins
  6 jackals
  4 quokkas
  4 frilled lizards
  A goblin zombie (Ossuary)
  11 hobgoblin zombies (Ossuary)
  2 jackal zombies (Ossuary)
  9 kobolds
  8 kobold zombies (Ossuary)
  8 orc zombies (Ossuary)
  8 rats
  A rat zombie (Ossuary)
211 creatures vanquished.

Vanquished Creatures (others)
  An orc (D:8)
  4 fungi (D:2)
  A plant (D:7)
  6 toadstools (D:2)
12 creatures vanquished.

Grand Total: 223 creatures vanquished

Notes
Turn   | Place    | Note
-------+----------+-------------------------------------------
     0 | D:1      | 1994 the Ogre Transmuter began the quest for the Orb.
     0 | D:1      | Reached XP level 1. HP: 19/19 MP: 3/3
   282 | D:1      | Reached XP level 2. HP: 23/28 MP: 2/5
   525 | D:1      | Reached skill level 2 in Fighting
   667 | D:1      | Reached XP level 3. HP: 30/35 MP: 4/6
   670 | D:1      | Learned a level 2 spell: Wereblood
   674 | D:1      | Learned a level 3 spell: Spider Form
   790 | D:1      | Found a faded altar of an unknown god.
  1556 | D:2      | Reached XP level 4. HP: 44/44 MP: 5/7
  1585 | D:2      | Reached skill level 1 in Throwing
  2543 | D:3      | Found a broken altar of Ashenzari.
  2545 | D:3      | Found a sparkling altar of Nemelex Xobeh.
  2546 | D:3      | Found a hazy altar of Hepliaklqana.
  2546 | D:3      | Found an ornate altar of the Wu Jian Council.
  2546 | D:3      | Found an opulent altar of Gozag.
  2547 | D:3      | Found a sacrificial altar of Ru.
  2547 | D:3      | Found a glowing golden altar of the Shining One.
  2549 | D:3      | Found an iron altar of Okawaru.
  2871 | D:2      | Reached XP level 5. HP: 34/52 MP: 7/9
  3055 | D:3      | Reached skill level 3 in Fighting
  3055 | D:3      | Reached skill level 1 in Poison Magic
  3157 | D:3      | Became a worshipper of Ru the Awakened
  3940 | D:4      | Reached XP level 6. HP: 51/61 MP: 8/10
  3951 | D:4      | Learned a level 4 spell: Ice Form
  4172 | D:4      | Found a sand-covered staircase.
  4186 | Ossuary  | Entered an ossuary
  4881 | Ossuary  | Reached XP level 7. HP: 64/68 MP: 11/11
  4893 | Ossuary  | Gained mutation: Your casting is slightly disrupted. [Ru
                  | sacrifice]
  4893 | Ossuary  | Reached * piety under Ru
  4896 | Ossuary  | Reached skill level 4 in Fighting
  4919 | Ossuary  | Reached skill level 1 in Ice Magic
  6514 | D:5      | Entered Level 5 of the Dungeon
  6523 | D:5      | Reached XP level 8. HP: 73/79 MP: 13/13
  6736 | D:5      | Found a staircase to the Ecumenical Temple.
  6744 | Temple   | Entered the Ecumenical Temple
  7106 | D:5      | Reached skill level 5 in Fighting
  8509 | D:6      | Reached skill level 6 in Fighting
  9036 | D:5      | Found a staircase to the Ecumenical Temple.
  9220 | D:6      | Reached XP level 9. HP: 83/89 MP: 15/15
  9519 | D:6      | Reached skill level 5 in Unarmed Combat
  9704 | D:7      | Found Giaxkox's Book Shop.
  9745 | D:7      | Gained mutation: You sometimes lose the ability to read
                  | scrolls when taking damage. [Ru sacrifice]
  9745 | D:7      | Reached ** piety under Ru
 10185 | D:7      | Noticed Harold
 10252 | D:7      | Killed Harold
 10253 | D:7      | Reached skill level 7 in Fighting
 10253 | D:7      | Reached skill level 5 in Transmutations
 10558 | D:7      | Noticed Maggie
 10573 | D:7      | Killed Maggie
 10574 | D:7      | Reached skill level 5 in Spellcasting
 10781 | D:7      | Found a runed translucent door.
 10782 | D:7      | Noticed Crazy Yiuf
 10901 | D:7      | Noticed Duvessa
 10903 | D:7      | Noticed Dowan
 10919 | D:7      | Killed Duvessa
 11075 | D:7      | Killed Dowan
 11076 | D:7      | Reached XP level 10. HP: 102/102 MP: 17/17
 11260 | D:7      | Killed Crazy Yiuf
 11396 | D:8      | Noticed Psyche
 11405 | D:8      | Killed Psyche
 11406 | D:8      | Reached skill level 8 in Fighting
 11439 | D:8      | Learned a level 2 spell: Passwall
 11471 | D:7      | Bought a book of Transfigurations for 600 gold pieces
 11477 | D:7      | Learned a level 5 spell: Blade Hands
 11483 | D:8      | Noticed an elephant
 11483 | D:8      | Found a staircase to the Lair.
 11514 | D:8      | Killed an elephant
 11932 | D:8      | Noticed Prince Ribbit
 11942 | D:8      | Killed Prince Ribbit
 11943 | D:8      | Reached skill level 5 in Ice Magic
 11946 | D:8      | Reached skill level 1 in Earth Magic
 12510 | D:9      | Found a staircase to the Orcish Mines.
 12540 | D:9      | Noticed Grum
 12551 | D:9      | Noticed Pikel
 12562 | D:8      | Killed Grum
 12638 | D:9      | Killed Pikel
 12642 | D:9      | Reached skill level 9 in Fighting
 13527 | D:10     | Entered Level 10 of the Dungeon
 13602 | D:10     | You fall into a shaft and drop 3 floors!
 13602 | D:13     | Noticed a cyclops
 13608 | D:13     | HP: 3/107 [vampire mosquito (3)]
 13619 | D:13     | HP: 1/107 [vampire mosquito (9)]
 13619 | D:13     | Slain by a vampire mosquito

Illustrated notes

Levels and vault maps discovered:
D:1:      beargit_arrival_diablo_church, layout_basic,
          ebering_ecumenical_altar_abandoned, chequers_arboretum
D:2:      layout_loops_ring, minmay_gold_behind_fungi
D:3:      layout_loops_corners, grunt_temple_overflow_open,
          kennysheep_generic_room_2
D:4:      layout_cave_pods, nicolae_ossuary_entry_monument
D:5:      kennysheep_big_flooded_room, layout_loops_ring,
          minmay_temple_entry_slanted, minmay_increasing_density
D:6:      layout_basic
D:7:      layout_loops_cross, serial_shops, shop, hangedman_glass_garden,
          uniq_maggie, uniq_duvessa, uniq_crazy_yiuf_cottage, uniq_harold
D:8:      layout_loops_ring, david_lair_generic, uniq_psyche,
          uniq_prince_ribbit1
D:9:      layout_loops_cross, orc_0_dummy, chequers_serial_rivers_micro_b,
          uniq_grum, uniq_pikel
D:10:     layout_basic
D:13:     layout_cave_pools, uniq_maurice
Temple:   dpeg_chambers_temple

Skill      XL: |  1  2  3  4  5  6  7  8  9 10 |
---------------+-------------------------------+-----
Transmutations | 2 3 4 5 6 |  6.6
Fighting       | 2 3 4 6 7 9 |  9.3
Dodging        | 2 3 4 |  4.0
Unarmed Combat | 3 4 5 7 |  7.0
Throwing       | 1 2 3 4 |  4.9
Poison Magic   | 1 2 3 |  3.0
Spellcasting   | 3 4 5 |  5.9
Ice Magic      | 1 3 4 5 |  5.0
Earth Magic    | 2 |  2.0

Action                   |  1- 3 |  4- 6 |  7- 9 | 10-12 || total
-------------------------+-------+-------+-------+-------++-------
Melee: Unarmed           |   142 |   249 |   342 |   145 ||   878
       Kick              |    22 |    35 |    21 |     6 ||    84
       Headbutt          |    12 |    33 |    20 |     5 ||    70
       Punch             |       |     4 |     4 |       ||     8
Throw: Stone             |       |    13 |       |       ||    13
       Boomerang         |       |     4 |       |       ||     4
 Cast: Beastly Appendage |    23 |    30 |    17 |     6 ||    76
       Wereblood         |       |     1 |     1 |     1 ||     3
       Spider Form       |       |     2 |    18 |     2 ||    22
       Ice Form          |       |       |     7 |     7 ||    14
       Blade Hands       |       |       |       |     1 ||     1
Invok: Sacrifice Essence |       |       |     1 |       ||     1
       Sacrifice Words   |       |       |     1 |       ||     1
 Abil: End Transformatio |       |       |     1 |       ||     1
  Use: Scroll            |       |     8 |     5 |     4 ||    17
       Potion            |       |     1 |       |     1 ||     2
 Stab: Distracted        |       |       |     2 |       ||     2
Armor: Robe              |    43 |    67 |    23 |    14 ||   147
       Skin              |       |     2 |    16 |    32 ||    50
       Swamp dragon scal |       |       |       |    16 ||    16
Dodge: Dodged            |    76 |   152 |   213 |    94 ||   535
Block: Other             |       |       |       |     8 ||     8

Table legend: (Time is in decaauts)
 A = Elapsed time spent in this place.
 B = Non-inter-level travel time spent in this place.
 C = Inter-level travel time spent in this place.
 D = Time resting spent in this place.
 E = Time spent auto-exploring this place.
 F = Levels seen in this place.
 G = Mean time per level.
                   A        B        C        D        E       F      G
               +--------+--------+--------+--------+--------+-----+--------+
         Total |  13567 |  12800 |    767 |   4495 |   5237 |  13 | 1043.6 |
       Dungeon |  12183 |  11438 |    745 |   3968 |   4942 |  11 | 1107.5 |
        Temple |    227 |    205 |     22 |      0 |    192 |   1 |  227.0 |
       Ossuary |   1156 |   1156 |      0 |    527 |    103 |   1 | 1156.0 |
               +--------+--------+--------+--------+--------+-----+--------+

Top non-repeatable levels by time:
     D:5: 2356 daAuts
     D:3: 2087 daAuts
     D:7: 1583 daAuts
     D:1: 1169 daAuts
 Ossuary: 1156 daAuts
     D:2: 1136 daAuts
     D:8: 1124 daAuts
     D:4: 961 daAuts
     D:9: 949 daAuts
     D:6: 724 daAuts
  Temple: 227 daAuts
    D:10: 73 daAuts
    D:13: 16 daAuts
